 Dungeon Crawl Stone Soup version 0.29.1-12-g30fa7ad0bf (webtiles) character file.

Game seed: 12734848509329447680

65 mopl the Ruffian (level 3, -2/29 HPs)
             Began as a Mummy Monk on Jan 17, 2023.
             Slain by a scorpion (3 damage)
             ... on level 3 of the Dungeon.
             The game lasted 00:03:02 (2368 turns).

mopl the Ruffian (Mummy Monk)                       Turns: 2368, Time: 00:03:03

Health: -2/29      AC:  7    Str: 20    XL:     3   Next: 92%
Magic:  12/12      EV: 10    Int:  9    God:
Gold:   162        SH:  8    Dex: 14    Spells: 2/2 levels left

rFire   x . .      SeeInvis .   i - +2 dagger (flame)
rCold   + . .      Faith    .   b - +1 kite shield {reflect}
rNeg    + + +      Spirit   .   j - +3 leather armour of Gozag {rElec MP+9 Str+4}
rPois   ∞          Reflect  +   (no helmet)
rElec   +          Harm     .   c - +0 cloak
rCorr   .          Rampage  .   (no gloves)
Will    .....                   (no boots)
Stlth   ++........              (no amulet)
HPRegen 0.09/turn               (no ring)
MPRegen 0.13/turn               (no ring)

@: no status effects
A: cold resistance 1, negative energy resistance 3, torment resistance 2, heat
vulnerability 1, in touch with death 1, no potions
a: no special abilities


You were on level 3 of the Dungeon.
You visited 1 branch of the dungeon, and saw 3 of its levels.

You collected 162 gold pieces.

Inventory:

Hand Weapons
 f - a +0 war axe
 i - a +2 dagger of flaming (weapon)
 k - a +2 short sword of speed
Armour
 b - a +1 kite shield of reflection (worn)
 c - a +0 cloak (worn)
 d - a scarf of harm
 j - the +3 leather armour of Gozag (worn) {rElec MP+9 Str+4}
   (You found it on level 2 of the Dungeon)

   Str:       It affects your strength (+4).
   rElec:     It insulates you from electricity.
   MP:        It affects your magic capacity (+9).
Magical Staves
 m - a staff of cold
Scrolls
 a - a scroll of blinking
 e - 2 scrolls of magic mapping
 g - 2 scrolls of immolation
 h - a scroll of brand weapon
 l - a scroll of identify


   Skills:
 - Level 3.0 Fighting
 - Level 2.4 Dodging
 - Level 1.5 Stealth
 * Level 4.0 Unarmed Combat


You had 2 spell levels left.
You didn't know any spells.
Your spell library contained the following spells:

 Spells                   Type           Power      Damage    Failure   Level
 Ozocubu's Armour         Ice            0%         N/A       99%         3
 Freezing Cloud           Conj/Ice/Air   0%         6-21      100%        5
 Metabolic Englaciation   Hex/Ice        0%         N/A       100%        5
 Simulacrum               Ice/Necr       0%         N/A       100%        6
 Ozocubu's Refrigeration  Ice            0%         4d7       100%        7
 Polar Vortex             Ice            0%         N/A       100%        9


Dungeon Overview and Level Annotations

Branches:
Dungeon (3/15)

Altars:
Xom

Annotations:
D:2 Terence


Innate Abilities, Weirdness & Mutations

You are immune to poison.
Your flesh is cold resistant. (rC+)
You are immune to negative energy. (rN+++)
You are immune to unholy pain and torment.
You are vulnerable to heat. (rF-)
You are in touch with the powers of death.
You do not drink.


Message History

The scorpion stings you. You block the scorpion's attack.
You hit the scorpion but do no damage.
The scorpion is heavily wounded.
The scorpion stings you but does no damage.
You hit the scorpion but do no damage.
The scorpion is heavily wounded.
The scorpion misses you. The scorpion stings you.
You hit the scorpion. You burn the scorpion.
The scorpion is severely wounded.
You block the scorpion's attack.
You hit the scorpion but do no damage.
The scorpion is severely wounded.
The scorpion stings you but does no damage.
You block the scorpion's attack.
You hit the scorpion. You burn the scorpion.
The scorpion is almost dead.
The scorpion stings you but does no damage.
You barely miss the scorpion.
The scorpion is almost dead.
The scorpion completely misses you.
The scorpion stings you but does no damage.
You completely miss the scorpion.
The scorpion is almost dead.
The scorpion stings you.
You closely miss the scorpion.
The scorpion is almost dead.
The scorpion stings you but does no damage.
The scorpion stings you.
You hit the scorpion but do no damage.
The scorpion is severely wounded.
The scorpion stings you.
* * * LOW HITPOINT WARNING * * *
You hit the scorpion but do no damage.
The scorpion is severely wounded.
The scorpion stings you.
* * * LOW HITPOINT WARNING * * *
You closely miss the scorpion.
The scorpion is severely wounded.
The scorpion stings you.
You die...

#....# #....# #....#
#....# #....# .#
############....## .#
.........!##.....# .#
..........##.###.##.#
.............# #@#..
...........### #s#.# #
...........#####J#.##.#
............##........#
..........#...........#
..........(###........#
..........................
########.#...####.#..##.##
#.#...# ...... ..


You could see a scorpion and an endoplasm.

Vanquished Creatures
  An iguana (D:2)
  2 worms (D:2)
  2 dart slugs
  4 ball pythons
  2 bats
  2 endoplasms (D:2)
  5 goblins
  A hobgoblin (D:1)
  3 kobolds (D:2)
  A quokka (D:2)
  2 frilled lizards (D:2)
  3 rats
28 creatures vanquished.

Notes
Turn   | Place    | Note
-------+----------+-------------------------------------------
     0 | D:1      | mopl the Mummy Monk began the quest for the Orb.
     0 | D:1      | Reached XP level 1. HP: 18/18 MP: 1/1
     1 | D:1      | Noticed an electric eel
   291 | D:1      | Found a faded altar of an unknown god.
   429 | D:1      | Reached XP level 2. HP: 22/24 MP: 2/2
   437 | D:1      | Reached skill level 3 in Unarmed Combat
  1282 | D:2      | HP: 1/24 [iguana (2)]
  1284 | D:2      | Gained mutation: You are in touch with the powers of death.
                  | [Mummy growth]
  1284 | D:2      | Reached XP level 3. HP: 2/29 MP: 3/3
  1667 | D:2      | Identified the +3 leather armour of Gozag {rElec MP+9
                  | Str+4}
  1895 | D:2      | Reached skill level 4 in Unarmed Combat
  1987 | D:2      | Noticed Terence
  2276 | D:3      | Found a shimmering altar of Xom.
  2335 | D:3      | Noticed a scorpion
  2367 | D:3      | HP: 1/29 [scorpion (4)]
  2368 | D:3      | Slain by a scorpion

Illustrated notes

Levels and vault maps discovered:
D:1:      arrival_aquarium_a, layout_rooms, chequers_ecumenical_altar_island
D:2:      layout_basic, minmay_split_cup_small, uniq_terence
D:3:      layout_rooms, grunt_temple_overflow_order_and_chaos_2,
          kennysheep_slug_shrine, mainiacjoe_overflow_tiny_flanked

Skill      XL: |  1  2  3 |
---------------+----------+-----
Unarmed Combat | 3 4 |  4.0
Fighting       | |  3.0
Dodging        | |  2.4
Stealth        | |  1.5

Action                   || total
-------------------------++-------
Melee: Unarmed           ||    36
       War axe           ||    39
       Dagger            ||    53
  Use: Scroll            ||     4
 Stab: Sleeping          ||     1
Armor: Scale mail        ||    22
       Robe              ||     1
       Leather armour    ||    16
Dodge: Dodged            ||    41
Block: Kite shield       ||    52
